 Dungeon Crawl Stone Soup version 0.30.0-17-ge0270778cf (webtiles) character file.

Game seed: 16990036419975183034

2640 buriedalive the Nimble (level 9, -1/45 HPs)
             Began as a Deep Elf Ice Elementalist on May 22, 2023.
             Asphyxiated
             ... on level 8 of the Dungeon.
             The game lasted 00:21:19 (7704 turns).

buriedalive the Nimble (Deep Elf Ice Elementalist)  Turns: 7704, Time: 00:21:19

Health: -1/45      AC:  4    Str:  5    XL:     9   Next: 35%
Magic:  20/20      EV: 16    Int: 25    God:
Gold:   383        SH:  0    Dex: 15    Spells: 6/20 levels left

rFire   + . .        t - +2 whip (flame)
rCold   . . .        (no shield)
rNeg    . . .        a - +1 robe
rPois   .            (no helmet)
rElec   .            (no cloak)
rCorr   .            (no gloves)
SInv    .            g - +0 pair of boots
Will    .....        d - amulet of magic regeneration
Stlth   ++           s - ring of protection from fire
HPRegen 0.27/turn    (no ring)
MPRegen 0.57/turn

%: no passive effects
@: lethally poisoned (-1 -> -29), freezing walls, slowed, very slow
A: no striking features
a: no special abilities


You were on level 8 of the Dungeon.
You visited 2 branches of the dungeon, and saw 9 of its levels.
You also visited: Ossuary.

You collected 383 gold pieces.

Inventory:

Hand Weapons
 h - a +0 whip
 p - a +2 dagger of venom
 t - a +2 whip of flaming (weapon)
Missiles
 c - 15 poisoned darts
 f - 50 stones
Armour
 a - a +1 robe (worn)
 g - a +0 pair of boots (worn)
Magical Staves
 r - a staff of poison
Jewellery
 d - an amulet of magic regeneration (around neck)
 q - an amulet of the acrobat
 s - a ring of protection from fire (left hand)
Wands
 i - a wand of mindburst (9)
 l - a wand of quicksilver (13)
 v - a wand of paralysis (21)
Scrolls
 j - 3 scrolls of fear
 m - 3 scrolls of magic mapping
Potions
 b - a potion of magic
 e - 2 potions of brilliance
 k - a potion of lignification
 n - a potion of ambrosia {unknown}
 u - a potion of berserk rage
 w - 2 potions of flight


   Skills:
 + Level 9.2 Dodging
 - Level 2.4 Stealth
 - Level 6.0 Spellcasting
 + Level 6.8 Conjurations
 + Level 1.3 Summonings
 - Level 9.0 Ice Magic


You had 6 spell levels left.
You knew the following spells:

 Your Spells              Type           Power      Damage    Failure   Level
a - Freeze                Ice            100%       1d10      1%          1
b - Ozocubu's Armour      Ice            51%        N/A       1%          3
c - Frozen Ramparts       Ice            100%       1d16      1%          3
d - Hailstorm             Conj/Ice       47%        3d11      1%          3
e - Summon Ice Beast      Ice/Summ       33%        N/A       9%          4

Your spell library contained the following spells:

 Spells                   Type           Power      Damage    Failure   Level
 Kiss of Death            Conj/Necr      96%        2d12      1%          1
 Summon Small Mammal      Summ           56%        N/A       4%          1
 Beastly Appendage        Tmut           14%        N/A       8%          1
 Cigotuvi's Dreadful Rot  Necr/Pois/Air  14%        N/A       11%         2
 Wereblood                Tmut           7%         N/A       11%         2
 Ice Form                 Ice/Tmut       30%        N/A       12%         4
 Call Canine Familiar     Summ           14%        N/A       13%         3
 Summon Guardian Golem    Hex/Summ       10%        N/A       17%         3
 Confusing Touch          Hex            7%         N/A       22%         3
 Ignite Poison            Fire/Tmut/Pois 7%         N/A       22%         3
 Spider Form              Tmut/Pois      7%         N/A       22%         3
 Vhi's Electric Charge    Tloc/Air       14%        N/A       22%         3
 Freezing Cloud           Conj/Ice/Air   16%        6-21      24%         5
 Arcjolt                  Conj/Air       12%        1d22      45%         5
 Dispel Undead            Necr           7%         3d8       58%         4
 Maxwell's Capacitive Co  Air            3%         ∞         100%        8


Dungeon Overview and Level Annotations

Branches:
Dungeon (8/15)             Temple (1/1) D:6            Lair (0/5) D:8
Ossuary (visited)

Altars:
Cheibriados
Dithmenos
Elyvilon
Gozag
Hepliaklqana
Kikubaaqudgha
Nemelex Xobeh
Okawaru
Ru
Sif Muna
Trog
Uskayaw
Vehumet
Xom
Zin

Shops:
D:4 *

Annotations:
D:7 1 runed translucent door


Message History

Aiming: Freeze (safe; 1% risk of failure)
Press: ? - help, Shift-Dir - straight line, f - hound
Aim: a hound You freeze the hound.
The hound is lightly wounded.
The hound barks!
The hound stops to sniff the ground.
The wall freezes the hound.
The hound misses you.
The wall freezes the howler monkey!
You kill the howler monkey!
Casting: Freeze (safe; 1% risk of failure)
Confirm with . or Enter, or press ? or * to list all spells.
Aiming: Freeze (safe; 1% risk of failure)
Press: ? - help, Shift-Dir - straight line, f/p - hound
Aim: a hound (heavily wounded)
You freeze the hound.
The hound is heavily wounded.
The wall freezes the hound!
You kill the hound!
The wall freezes the kobold brigand.
The kobold brigand throws a curare-tipped dart.
The curare-tipped dart hits you.
You are poisoned.
You have difficulty breathing.
* * * LOW HITPOINT WARNING * * *
You feel yourself slow down.
Unknown command.
Casting: Freeze (safe; 1% risk of failure)
Confirm with . or Enter, or press ? or * to list all spells.
You don't know that spell.
* * * LOW HITPOINT WARNING * * *
You feel very sick.
The wall freezes the kobold brigand.
The kobold brigand throws a curare-tipped dart.
The curare-tipped dart misses you.
The wall freezes the kobold brigand.
The kobold brigand throws a curare-tipped dart.
The curare-tipped dart hits you.
You are more poisoned.
You have difficulty breathing.
You die...

**,,****,,,..##..*####....,******
,,*,*,**,,,.......#........##,,,*
,,*,,,,*..,,#....##..<.......,,,*
,,,,,,,,...,#.............h..,,,*
,,,,,,***...,#...............*,**
,,,*,,,,,*..#*#..>...........***
,,,,,,,*.,,#.##.....##......**
,,,,*,,*#..#.)..)))K#...#,,,* ***
**,,*,,,.....#)h@#...<..#,,,***,*
,,,*,,,,.......)##.....##,,,,**,*
,,,**,,,.......K.#........,,**,,,
,,**,,,*.........#....c.....,**,,
,,*,,,,*......$..............,,,,
,,,,,,,,.....................,,,*
*,,,,,,,................##...,,**
**,,,,,,....#.........?..*...,,**
*,,,,,,....##.##..$..,,,,,,,,,,,


You could see a kobold brigand, a hound and a kobold.

Vanquished Creatures
  Grinder (D:4)
  A steam dragon (D:6)
  2 water moccasins
  A black bear (D:6)
  A sky beast (D:7)
  An ice beast (D:6)
  2 phantoms
  3 centaurs
  A bullfrog (D:6)
  A scorpion (D:4)
  8 wights
  6 howler monkeys
  2 orc priests (D:8)
  5 hounds
  2 jellies (D:6)
  An iguana (D:4)
  7 orc wizards
  A gnoll (D:1)
  4 adders
  An ufetubus (D:6)
  3 worms
  37 orcs
  2 endoplasms
  4 goblins
  5 hobgoblins
  9 jackals
  2 quokkas
  6 ball pythons
  3 bats
  11 kobolds
  2 rats
135 creatures vanquished.

Notes
Turn   | Place    | Note
-------+----------+-------------------------------------------
     0 | D:1      | buriedalive the Deep Elf Ice Elementalist began the quest
                  | for the Orb.
     0 | D:1      | Reached XP level 1. HP: 10/10 MP: 6/6
   642 | D:1      | Reached XP level 2. HP: 11/15 MP: 4/8
  1212 | D:2      | Reached XP level 3. HP: 19/19 MP: 8/10
  2699 | D:4      | Reached skill level 5 in Ice Magic
  2699 | D:4      | Reached XP level 4. HP: 10/24 MP: 9/12
  2723 | D:4      | Noticed a scorpion
  2826 | D:4      | Found a sand-covered staircase.
  2850 | Ossuary  | Entered an ossuary
  2858 | D:4      | Reached XP level 5. HP: 11/28 MP: 8/13
  3041 | D:4      | Learned a level 3 spell: Ozocubu's Armour
  3045 | D:4      | Learned a level 3 spell: Frozen Ramparts
  3049 | D:4      | Learned a level 3 spell: Hailstorm
  3120 | D:4      | Noticed a phantom
  3165 | D:4      | Killed a phantom
  3166 | D:4      | Reached skill level 5 in Spellcasting
  3400 | D:4      | Reached XP level 6. HP: 28/32 MP: 16/16
  3405 | D:4      | Learned a level 4 spell: Summon Ice Beast
  3428 | D:4      | Noticed Grinder
  3600 | D:4      | Found Ikie's General Store.
  3743 | D:4      | Reached skill level 5 in Dodging
  3770 | D:4      | Paralysed by Grinder for 4 turns
  3787 | D:4      | Killed Grinder
  3788 | D:4      | Reached XP level 7. HP: 21/36 MP: 14/18
  3936 | D:5      | Entered Level 5 of the Dungeon
  4817 | D:6      | Noticed a steam dragon
  5350 | D:6      | Reached XP level 8. HP: 37/41 MP: 19/19
  5529 | D:6      | Found a staircase to the Ecumenical Temple.
  5536 | Temple   | Entered the Ecumenical Temple
  5825 | D:6      | Reached skill level 5 in Conjurations
  6409 | D:7      | Noticed a sixfirhy
  6409 | D:7      | Found a runed translucent door.
  6735 | D:7      | Reached XP level 9. HP: 37/45 MP: 20/20
  7698 | D:8      | Reached skill level 1 in Summonings
  7704 | D:8      | Asphyxiated

Illustrated notes

Levels and vault maps discovered:
D:1:      sevenhm_arrival_forest_fort_small_4, layout_basic, minivault_24,
          chequers_avenue
D:2:      layout_basic
D:3:      layout_basic
D:4:      nicolae_BIG_FREAKIN_CUBE, layout_rooms, serial_shops,
          nicolae_shop_tiny_waterfront, lightli_ossuary_entry_decrepit_ruins,
          hangedman_decor_lopped, uniq_grinder
D:5:      layout_basic
D:6:      layout_cave_pools, minmay_temple_entry_steel_oval
D:7:      cheibrodos_shockbox, layout_basic, kennysheep_generic_room_15
D:8:      layout_cave_pools, minitemple, erik_lair_island, enter_bailey_1,
          serial_shops, shop_statue
Temple:   eino_wide_crystal_templ

Skill      XL: |  1  2  3  4  5  6  7  8  9 |
---------------+----------------------------+-----
Dodging        | 3 4 5 6 8 9 |  9.2
Spellcasting   | 4 5 6 |  6.0
Ice Magic      | 5 6 7 8 9 |  9.0
Conjurations   | 2 3 6 |  6.8
Summonings     | 1 |  1.3
Stealth        | |  2.4

Action                     |  1- 3 |  4- 6 |  7- 9 || total
---------------------------+-------+-------+-------++-------
  Melee: Unarmed           |     1 |       |       ||     1
         Whip              |    23 |    54 |    79 ||   156
  Throw: Dart              |       |       |     2 ||     2
   Cast: Freeze            |    41 |    35 |    26 ||   102
         Frozen Ramparts   |       |     9 |    32 ||    41
         Ozocubu's Armour  |       |     4 |    16 ||    20
  Evoke: Wand              |       |       |    19 ||    19
    Use: Scroll            |     4 |     6 |     9 ||    19
         Potion            |       |     7 |     2 ||     9
   Stab: Sleeping          |     3 |       |     1 ||     4
 Armour: Robe              |     5 |    24 |    26 ||    55
  Dodge: Dodged            |    44 |    66 |   110 ||   220
